 Dungeon Crawl Stone Soup version 0.32-a0-361-g289a535e89 (webtiles) character file.

Game seed: 12586726347577147823

1962 AlmostDecent the Cleaver (level 9, -1/68 HPs)
             Began as a Coglin Berserker on Feb 19, 2024.
             Was a Priest of Trog.
             Shot with an arrow by a centaur (12 damage)
             ... on level 6 of the Dungeon.
             The game lasted 00:14:25 (5602 turns).

AlmostDecent the Cleaver (Coglin Berserker)         Turns: 5602, Time: 00:14:25

Health: -1/68      AC:  8    Str: 21    XL:     9   Next: 19%
Magic:  9/9        EV: 11    Int:  7    God:    Trog [***...]
Gold:   215        SH:  0    Dex: 14    Spells: 8/8 levels left

rFire   . . .        b - +0 war axe {Vicente}
rCold   . . .        m - +0 war axe (freeze) {Kanehira}
rNeg    . . .        j - +0 scale mail
rPois   .            (no helmet)
rElec   .            n - +0 cloak
rCorr   .            (no gloves)
SInv    .            (no boots)
Will    ++...        o - amulet of faith Stlth
                     (no ring)
HPRegen 1.31/turn    (no ring)
MPRegen 0.11/turn

%: faith
@: strong-willed (expiring), on berserk cooldown, regenerating (expiring),
slowed, studying Armour, revved, very slow
A: off-hand wielding, slow wielding, warmup strikes, warmup strides
a: Renounce Religion, Berserk, Trog's Hand


You were on level 6 of the Dungeon.
You worshipped Trog.
Trog was most pleased with you.
You visited 1 branch of the dungeon, and saw 6 of its levels.

You collected 263 gold pieces.
You spent 48 gold pieces at shops.

Inventory:

Hand Weapons
 a - a +0 hand axe {Alejandra}
 b - a +0 war axe (weapon) {Vicente}
 m - a +0 war axe of freezing (worn) {Kanehira}
 p - a +4 trident of draining
Armour
 j - a +0 scale mail (worn)
 n - a +0 cloak (worn)
Jewellery
 o - an amulet of faith (around neck)
Wands
 l - a wand of paralysis (14)
Scrolls
 d - 2 scrolls of identify
 f - a scroll of enchant armour
Potions
 c - a potion of berserk rage
 e - a potion of curing
 g - a potion of haste
 h - a potion of ambrosia
 i - a potion of enlightenment


   Skills:
 + Level 5.4 Fighting
 * Level 10.1 Axes
 + Level 4.3 Armour
 + Level 2.8 Dodging
 + Level 1.2 Stealth


You had 8 spell levels left.
You didn't know any spells.
Your spell library was empty.

Dungeon Overview and Level Annotations

Branches:
Dungeon (6/15)
 Temple: D:4-7

Altars:
Elyvilon
Uskayaw

Shops:
D:2 *   D:5 (


Innate Abilities, Weirdness & Mutations

You can wield a second weapon in your off-hand.
It takes a long time for you to wield or remove held weapons.
Your first few attacks do less damage.
Your first movements take longer.


Message History

a +0 dagger; a +0 ring mail; an orc corpse You closely miss the orc with your +0 war axe.
You barely miss the orc with your +0 war axe of freezing.
The orc closely misses you.
You slash the orc with your +0 war axe of freezing!
You freeze the orc.
You kill the orc!
Trog accepts your kill.
Items here: ( ))) [ ††.
You feel a strong urge to attack something.
Things that are here:
a +0 short sword; an orc corpse You are no longer berserk.
You are exhausted.
You feel yourself slow down.
Things that are here:
a +0 dagger; a +0 ring mail; an orc corpse A centaur comes into view.
Items here: ) [[ †.
The centaur shouts!
The centaur wields a +1 orcbow of electrocution.
You hear the crackle of electricity.
The centaur shoots an arrow.
The arrow barely misses you.
The centaur shoots an arrow.
The arrow hits you!
You are electrocuted!
* * * LOW HITPOINT WARNING * * *
Items here: ) [ ††.
You feel the effects of Trog's Hand fading.
The centaur shoots an arrow.
The arrow hits you!
* * * LOW HITPOINT WARNING * * *
The centaur shoots an arrow.
The arrow barely misses you.
Items here: $ )))) [[[[ †††.
You feel much better.
The centaur shoots an arrow.
The arrow barely misses you.
The centaur shoots an arrow.
The arrow hits you but does no damage.
You are electrocuted!
* * * LOW HITPOINT WARNING * * *
The centaur shoots an arrow.
The arrow barely misses you.
The centaur shoots an arrow.
The arrow hits you.
* * * LOW HITPOINT WARNING * * *
You are electrocuted!
You die...

#...... ... #.....
... +.... ... #...
... #.. ##'# #'#
####
.##...###)###....#
.......).)$)......'
......c))@.)......
.###'####.###..###
.. ##.### .# #..
#....# .. .. #....#
.. . #....# . ..
#...># .... #....#
#... ##'###


You could see a centaur.

Vanquished Creatures
  Jeremiah (D:6)
  Edmund (D:4)
  Duvessa (D:4)
  An ice beast (D:5)
  2 black bears
  An ogre (D:5)
  2 phantoms
  A kobold brigand (D:5)
  Dowan (D:4)
  A killer bee (D:5)
  2 howler monkeys
  A bombardier beetle (D:4)
  Crazy Yiuf (D:4)
  A jelly (D:5)
  3 sleepcaps (D:4)
  Ijyb (D:4)
  7 orc wizards
  8 adders
  6 gnolls
  A shadow imp (D:6)
  2 ufetubi (D:6)
  3 dart slugs
  2 ribbon worms
  22 orcs
  6 ball pythons
  7 endoplasms
  4 giant cockroaches
  9 goblins
  8 hobgoblins
  5 jackals
  7 kobolds
  3 bats
  3 frilled lizards (D:1)
  4 rats
128 creatures vanquished.

Notes
Turn   | Place    | Note
-------+----------+-------------------------------------------
     0 | D:1      | AlmostDecent the Coglin Berserker began the quest for the
                  | Orb.
     0 | D:1      | Reached XP level 1. HP: 18/18 MP: 1/1
   172 | D:1      | Reached XP level 2. HP: 15/24 MP: 2/2
   381 | D:1      | Reached XP level 3. HP: 29/29 MP: 3/3
  1169 | D:2      | Found Vauhysh's General Store.
  1174 | D:2      | Bought a scroll of identify for 24 gold pieces
  1174 | D:2      | Bought a scroll of identify for 24 gold pieces
  1192 | D:2      | Found a hide-covered altar of Uskayaw.
  1439 | D:2      | Reached skill level 4 in Axes
  1439 | D:2      | Reached XP level 4. HP: 19/35 MP: 4/4
  1629 | D:2      | Reached ** piety under Trog
  2612 | D:3      | Reached XP level 5. HP: 20/41 MP: 5/5
  3195 | D:4      | HP: 2/42 [something (3)]
  3212 | D:4      | HP: 1/42 [orc wizard/+3 dagger (4)]
  3214 | D:4      | Reached skill level 5 in Axes
  3338 | D:4      | Reached XP level 6. HP: 17/48 MP: 6/6
  3517 | D:4      | Noticed Edmund
  3531 | D:4      | Killed Edmund
  3532 | D:4      | Reached skill level 6 in Axes
  3655 | D:4      | Reached XP level 7. HP: 51/53 MP: 7/7
  3762 | D:4      | Found a runed translucent door.
  3763 | D:4      | Noticed Crazy Yiuf
  4002 | D:4      | Noticed Ijyb
  4009 | D:4      | Killed Ijyb
  4316 | D:4      | Noticed Duvessa
  4316 | D:4      | Noticed Dowan
  4320 | D:4      | Killed Duvessa
  4321 | D:4      | Reached skill level 7 in Axes
  4321 | D:4      | Killed Dowan
  4593 | D:4      | Killed Crazy Yiuf
  4695 | D:5      | Entered Level 5 of the Dungeon
  4797 | D:5      | Found Ycying's Antique Weapon Emporium.
  4877 | D:5      | Reached skill level 1 in Stealth
  4877 | D:5      | Reached XP level 8. HP: 61/61 MP: 8/8
  4881 | D:5      | Reached skill level 8 in Axes
  4928 | D:5      | Found a white marble altar of Elyvilon.
  5494 | D:6      | Noticed Jeremiah
  5502 | D:6      | Killed Jeremiah
  5503 | D:6      | Reached skill level 5 in Fighting
  5503 | D:6      | Reached skill level 9 in Axes
  5518 | D:6      | Reached XP level 9. HP: 63/68 MP: 9/9
  5572 | D:6      | Reached *** piety under Trog
  5591 | D:6      | Reached skill level 10 in Axes
  5602 | D:6      | Shot with an arrow by a centaur

Illustrated notes

Levels and vault maps discovered:
D:1:      erik_arrival_triangle_small, layout_basic
D:2:      layout_loops_corners, basic_altar, serial_shops,
          nicolae_shop_tiny_real_fake_doors, minmay_misc_feat_more_columns,
          minmay_fountain_box, chequers_jeans, kennysheep_decorative_pillar
D:3:      layout_basic
D:4:      dreamdust_elfheim, layout_layer_cave, uniq_ijyb,
          uniq_crazy_yiuf_cottage, uniq_edmund
D:5:      layout_basic, elyvilon_altar_5, serial_shops,
          nicolae_shop_statue_plus, minmay_manual_mess
D:6:      layout_gridville, minmay_temple_entry_mist, kennysheep_nub,
          uniq_jeremiah

Skill      XL: |  1  2  3  4  5  6  7  8  9 |
---------------+----------------------------+-----
Armour         | 2 3 4 |  4.3
Dodging        | 2 |  2.8
Axes           | 4 5 6 7 9 10 | 10.1
Fighting       | 4 5 |  5.4
Stealth        | 1 |  1.2

Action                     |  1- 3 |  4- 6 |  7- 9 || total
---------------------------+-------+-------+-------++-------
  Melee: Hand axe          |   101 |   143 |    32 ||   276
         War axe           |       |    77 |   125 ||   202
 Invoke: Berserk           |       |     1 |     8 ||     9
         Trog's Hand       |       |     1 |     2 ||     3
    Use: Scroll            |     2 |     8 |     3 ||    13
         Potion            |       |     4 |     1 ||     5
   Stab: Sleeping          |     1 |     3 |       ||     4
 Armour: Animal skin       |    53 |    19 |       ||    72
         Scale mail        |       |   106 |    80 ||   186
  Dodge: Dodged            |    65 |    82 |    69 ||   216

Table legend: (Time is in decaauts)
 A = Elapsed time spent in this place.
 B = Non-inter-level travel time spent in this place.
 C = Inter-level travel time spent in this place.
 D = Time resting spent in this place.
 E = Time spent auto-exploring this place.
 F = Levels seen in this place.
 G = Mean time per level.
                   A        B        C        D        E       F      G
               +--------+--------+--------+--------+--------+-----+--------+
         Total |   5916 |   5768 |    148 |     83 |   4788 |   6 |  986.0 |
       Dungeon |   5916 |   5768 |    148 |     83 |   4788 |   6 |  986.0 |
               +--------+--------+--------+--------+--------+-----+--------+

Top non-repeatable levels by time:
     D:4: 1654 daAuts
     D:2: 1183 daAuts
     D:1: 1163 daAuts
     D:3: 932 daAuts
     D:5: 849 daAuts
     D:6: 132 daAuts
